 Dungeon Crawl Stone Soup version 0.30.1 (webtiles) character file.

Game seed: 9447305431054283261

35163 Graphine the Unseen (level 14, -4/77 (86) HPs)
             Began as a Kobold Brigand on July 4, 2023.
             Was an Elder of Wu Jian.
             Killed from afar by a tengu reaver (34 damage)
             ... with a bolt of acid
             ... on level 12 of the Dungeon.
             The game lasted 00:47:21 (12565 turns).

Graphine the Unseen (Kobold Brigand)               Turns: 12565, Time: 00:47:22

HP:   -4/77 (86)    AC:  9    Str:  8    XL:     14   Next: 17%
MP:   14/14         EV: 26    Int: 17    God:    Wu Jian [****..]
Gold: 555           SH:  5    Dex: 22    Spells: 13/13 levels left

rFire   + . .        z - +2 rapier (drain)
rCold   . . .        (no shield)
rNeg    . . .        M - +3 steam dragon scales
rPois   .            T - +2 helmet {SInv}
rElec   .            Q - scarf {+Inv}
rCorr   .            B - +0 pair of fencer's gloves {Riposte Dex+3}
SInv    +            (no boots)
Will    ++...        D - amulet of reflection
Stlth   ++++++++     F - ring of protection from fire
HPRegen 0.32/turn    K - ring of willpower
MPRegen 0.14/turn

%: reflection
@: very slightly contaminated, heavily drained, invisible
A: small, no large weapons, nightstalker 3, clever 1, deformed body
a: Renounce Religion, Evoke Invisibility, Wall Jump, Serpent's Lash


You were on level 12 of the Dungeon.
You worshipped Wu Jian.
Wu Jian was greatly pleased with you.
You visited 1 branch of the dungeon, and saw 12 of its levels.
You also visited: Ossuary.

You collected 731 gold pieces.
You spent 176 gold pieces at shops.

Inventory:

Hand Weapons
 a - a +5 dagger of venom
 b - a +2 short sword of flaming
 n - a +0 short sword of electrocution
 z - a +2 rapier of draining (weapon)
 E - the +1 falchion "Ryiseunu" {drain, Contam rPois Will+++ Stlth-}
   (You found it on level 6 of the Dungeon)

   rPois:     It protects you from poison.
   Contam:    It causes magical contamination when unequipped.
   Will:      It greatly increases your willpower.
   Stlth:     It makes you less stealthy.
Missiles
 d - 40 poisoned darts (quivered)
 e - 3 curare-tipped darts
 s - 3 throwing nets
Armour
 B - the +0 pair of fencer's gloves (worn) {Riposte Dex+3}
   (You acquired it on level 5 of the Dungeon)

   Riposte:   It allows the wearer to riposte with melee weapons, swiftly
   retaliating against missed or blocked melee attacks.
   Dex:       It affects your dexterity (+3).
 M - +3 steam dragon scales (worn)
 Q - a scarf of invisibility (worn)
 T - a +2 helmet of see invisible (worn)
Magical Staves
 P - a staff of death
Jewellery
 g - a ring of ice
 p - a ring of fire
 D - an amulet of reflection (around neck)
 F - a ring of protection from fire (left hand)
 K - a ring of willpower (right hand)
 R - a +4 ring of protection
Wands
 o - a wand of flame (9)
 q - a wand of charming (38)
 t - a wand of roots (11)
 y - a wand of polymorph (7)
 O - a wand of acid (16)
Scrolls
 u - 3 scrolls of magic mapping
 v - 3 scrolls of blinking
 C - 2 scrolls of fog
 G - 4 scrolls of teleportation
 H - 4 scrolls of amnesia
 I - 2 scrolls of brand weapon
 J - a scroll of poison
Potions
 f - 7 potions of lignification
 h - 3 potions of brilliance
 i - a potion of might
 j - 3 potions of haste
 k - a potion of ambrosia
 l - 2 potions of curing
 m - 2 potions of flight
 r - 2 potions of invisibility
 w - 2 potions of attraction
 x - 2 potions of heal wounds
 A - a potion of magic
 N - a potion of resistance
Miscellaneous
 S - a condenser vane


   Skills:
 + Level 9.3 Fighting
 * Level 13.9 Short Blades
 - Level 2.1 Throwing
 * Level 13.7 Dodging
 * Level 16.8 Stealth
 + Level 6.2 Unarmed Combat
 * Level 10.1 Evocations


You had 13 spell levels left.
You didn't know any spells.
Your spell library contained the following spells:

 Spells                   Type           Power      Damage    Failure   Level
 Apportation              Tloc           0%         N/A       24%         1
 Beastly Appendage        Tmut           0%         N/A       24%         1
 Necrotise                Necr           0%         1d4       24%         1
 Slow                     Hex            0%         N/A       24%         1
 Summon Small Mammal      Summ           0%         N/A       24%         1
 Wereblood                Tmut           0%         N/A       34%         2
 Call Canine Familiar     Summ           0%         N/A       56%         3
 Confusing Touch          Hex            0%         N/A       56%         3
 Dazzling Flash           Conj/Hex       0%         N/A       56%         3
 Frozen Ramparts          Ice            0%         1d1       56%         3
 Spider Form              Tmut/Pois      0%         N/A       56%         3
 Summon Guardian Golem    Hex/Summ       0%         N/A       56%         3
 Vampiric Draining        Necr           0%         2d6       56%         3
 Ice Form                 Ice/Tmut       0%         N/A       93%         4
 Summon Ice Beast         Ice/Summ       0%         N/A       93%         4
 Agony                    Necr           0%         N/A       100%        5
 Silence                  Hex/Air        0%         N/A       100%        5


Dungeon Overview and Level Annotations

Branches:
Dungeon (12/15)            Temple (0/1) D:6            Lair (0/5) D:10
Ossuary (visited)
    Orc: D:9-12

Altars:
Fedhas
Hepliaklqana
Kikubaaqudgha
Makhleb
Nemelex Xobeh
Okawaru
Ru
Trog
Uskayaw
Vehumet
Wu Jian
Yredelemnul
Zin

Shops:
D:1 ?   D:8 *   D:11 [   D:12 [

Portals:
Trove: D:11 (give +5 demon blade)


Innate Abilities, Weirdness & Mutations

You are small and have problems with some larger weapons.
You are completely attuned to the shadows.
Your mind is acute. (Int +4, Str/Dex -1)
Armour fits poorly on your strangely shaped body.


Message History

The blast of flame misses you.
There is an open translucent door, spattered with blood here.
Hit: z) +2 rapier (drain)
Press: ? - help, Dir - move target, f - fire dragon
Aim: a fire dragon (unable to see you, catching its breath, about 21% to evade your +2 rapier of draining)
You hit the fire dragon but do no damage.
You drain the fire dragon.
The fire dragon is lightly wounded.
The fire dragon completely misses you.
The fire dragon claws you but does no damage.
You block the fire dragon's attack.
Hit: z) +2 rapier (drain)
Press: ? - help, Dir - move target, f/p - fire dragon
Aim: a fire dragon (lightly wounded, wandering, unable to see you, catching its breath, lightly drained, hasn't noticed you, about 21% to evade your +2 rapier of draining)
You catch the helpless fire dragon completely off-guard!
You spit the fire dragon like a pig!!! You drain the fire dragon!!
The fire dragon is almost dead.
Hit: z) +2 rapier (drain)
Press: ? - help, Dir - move target, f/p - fire dragon
Aim: a fire dragon (almost dead, wandering, unable to see you, catching its breath, lightly drained, hasn't noticed you, about 21% to evade your +2 rapier of draining)
You hit the fire dragon. You drain the fire dragon.
The fire dragon is almost dead.
The fire dragon misses you. The fire dragon claws you.
The fire dragon completely misses you.
Hit: z) +2 rapier (drain)
Press: ? - help, Dir - move target, f/p - fire dragon
Aim: a fire dragon (almost dead, unable to see you, catching its breath, lightly drained, about 21% to evade your +2 rapier of draining)
You hit the fire dragon but do no damage.
The fire dragon is almost dead.
Unknown command.
Hit: z) +2 rapier (drain)
Press: ? - help, Dir - move target, f/p - fire dragon
Aim: a fire dragon (almost dead, wandering, unable to see you, catching its breath, lightly drained, hasn't noticed you, about 21% to evade your +2 rapier of draining)
You hit the fire dragon. You drain the fire dragon.
You kill the fire dragon!
The Council accepts your kill.
Unknown command.
The tengu reaver gestures at you while chanting.
The bolt of acid hits you!!
You die...

.#### ###########.#
..... #†††......#.#
########.###†###†#.#
#......#.#.###T#.#.#
.......#.##)?(##.#.#
#.###..#..#$$)#†...#
#.# ####.##$?Q####.#
#.# #†#.###†'.#.#
#.# #.###.###@#.#
#.# #.........#.#
#.# ########### ..#
#... ### #####


You could see a tengu reaver.

Vanquished Creatures
  Nessos (D:12)
  A fire dragon (D:12)
  A hydra (D:12)
  Erolcha (D:9)
  The ghost of SuvarnaParana the Severer, a journeyman MiBe of Trog (D:11)
  5 boulder beetles
  A centaur warrior (D:11)
  Erica (D:10)
  6 two-headed ogres
  A deep troll earth mage (D:12)
  Urug (D:12)
  Nergalle (D:12)
  4 skeletal warriors (D:12)
  Amaemon (D:9)
  A wolf spider (D:12)
  5 cyclopes
  5 manticores
  Joseph (D:9)
  An orange demon (D:9)
  A gargoyle (D:11)
  Maggie (D:7)
  An unseen horror (shapeshifter) (D:10)
  A komodo dragon (D:10)
  3 unseen horrors (D:12)
  A kobold demonologist (D:11)
  A yaktaur (shapeshifter) (D:12)
  3 trolls
  2 hornets
  Sigmund (D:6)
  2 shadows
  A vampire (D:11)
  6 wyverns
  3 wraiths
  4 basilisks
  15 yaks
  2 steam dragons
  7 vampire mosquitoes (D:12)
  5 water moccasins
  2 acid dragons
  2 ice beasts (D:6)
  4 black bears
  5 orc warriors
  2 wolves (D:9)
  An ogre (D:5)
  10 centaurs
  2 phantoms
  3 kobold brigands
  5 elf zombies (Ossuary)
  3 bullfrogs
  3 scorpions
  12 wights
  2 killer bees
  4 howler monkeys
  4 centaur zombies (Ossuary)
  A jelly (D:6)
  3 gnoll boudas
  4 hounds
  3 human zombies (Ossuary)
  8 orc priests
  3 iguanas
  2 sleepcaps
  Ijyb (D:4)
  9 orc wizards
  3 mummies (Ossuary)
  19 gnolls
  5 adders
  6 shadow imps
  3 white imps
  An ufetubus (D:7)
  A worm (D:3)
  5 dart slugs
  23 orcs
  4 ball pythons
  2 bats (D:2)
  5 endoplasms
  2 giant cockroaches
  10 goblins
  7 hobgoblins
  4 jackals (D:1)
  35 kobolds
  A quokka (D:3)
  6 rats
339 creatures vanquished.

Notes
Turn   | Place    | Note
-------+----------+-------------------------------------------
     0 | D:1      | Graphine the Kobold Brigand began the quest for the Orb.
     0 | D:1      | Reached XP level 1. HP: 12/12 MP: 1/1
    89 | D:1      | Found Ymorphegh's Magic Scroll Emporium.
   214 | D:1      | Reached XP level 2. HP: 17/17 MP: 2/2
   731 | D:1      | Bought a scroll of noise for 14 gold pieces
   818 | D:2      | Reached XP level 3. HP: 13/22 MP: 3/3
  1951 | D:3      | Reached XP level 4. HP: 27/27 MP: 4/4
  2050 | D:3      | Reached skill level 6 in Stealth
  2093 | D:3      | Found an ancient bone altar of Kikubaaqudgha.
  2288 | D:3      | Found a blossoming altar of Fedhas.
  2349 | D:3      | Reached XP level 5. HP: 31/31 MP: 5/5
  2420 | D:3      | Found a basalt altar of Yredelemnul.
  2707 | D:4      | Noticed a phantom
  2711 | D:4      | Killed a phantom
  2712 | D:4      | Reached XP level 6. HP: 37/37 MP: 6/6
  2721 | D:4      | Found a hide-covered altar of Uskayaw.
  2777 | D:4      | Reached skill level 5 in Short Blades
  2858 | D:4      | Reached skill level 7 in Stealth
  2880 | D:4      | HP: 1/37 [orc/+0 club (4)]
  3178 | D:4      | Noticed Ijyb
  3182 | D:4      | Killed Ijyb
  3229 | D:4      | Reached XP level 7. HP: 41/41 MP: 7/7
  3332 | D:4      | Found a sacrificial altar of Ru.
  3605 | D:5      | Entered Level 5 of the Dungeon
  3825 | D:5      | Reached skill level 5 in Dodging
  3883 | D:5      | Found a glowing silver altar of Zin.
  3992 | D:5      | Reached skill level 8 in Stealth
  4134 | D:5      | Reached XP level 8. HP: 48/48 MP: 8/8
  4875 | D:5      | Identified a scroll of acquirement
  4875 | D:5      | Acquired the +0 pair of fencer's gloves {Riposte Dex+3}
  4875 | D:5      | Found the +0 pair of fencer's gloves {Riposte Dex+3}
  5021 | D:5      | Reached skill level 9 in Stealth
  5178 | D:6      | Found a sparkling altar of Nemelex Xobeh.
  5264 | D:6      | Reached XP level 9. HP: 31/53 MP: 9/9
  5281 | D:6      | Found a sand-covered staircase.
  5286 | Ossuary  | Entered an ossuary
  5350 | Ossuary  | Reached skill level 5 in Fighting
  5377 | Ossuary  | Reached skill level 10 in Stealth
  5538 | D:6      | Identified the +1 falchion "Ryiseunu" {drain, Contam rPois
                  | Will+++ Stlth-}
  5666 | D:6      | Gained mutation: Armour fits poorly on your strangely
                  | shaped body. [mutagenic glow]
  5725 | D:6      | Found an ornate altar of the Wu Jian Council.
  5922 | D:6      | Noticed Sigmund
  5951 | D:6      | Became a worshipper of the Wu Jian Council
  6005 | D:6      | Killed Sigmund
  6006 | D:6      | Reached skill level 11 in Stealth
  6146 | D:6      | Found a staircase to the Ecumenical Temple.
  6239 | D:7      | Reached XP level 10. HP: 60/60 MP: 10/10
  6241 | D:7      | Noticed Maggie
  6244 | D:7      | Killed Maggie
  6319 | D:7      | Reached skill level 10 in Short Blades
  6421 | D:7      | Gained mutation: Your mind is acute. (Int +4, Str/Dex -1)
                  | [mutagenic glow]
  6468 | D:7      | Reached skill level 1 in Unarmed Combat
  6522 | D:7      | Reached * piety under Wu Jian
  6525 | D:7      | Reached skill level 12 in Stealth
  7027 | D:8      | Reached skill level 1 in Evocations
  7571 | D:8      | Found Koawoure's Assorted Antiques.
  7574 | D:8      | Bought a knobbly garnet ring for 135 gold pieces
  7574 | D:8      | Bought a scroll labelled IMPONTOACO for 27 gold pieces
  7793 | D:9      | Reached skill level 10 in Dodging
  7804 | D:9      | Noticed Amaemon
  7805 | D:9      | Noticed an orange demon
  7807 | D:9      | Killed Amaemon
  7808 | D:9      | Reached skill level 13 in Stealth
  7808 | D:9      | Reached XP level 11. HP: 67/67 MP: 11/11
  8056 | D:9      | Found an iron altar of Okawaru.
  8088 | D:9      | Noticed Erolcha
  8091 | D:9      | Killed Erolcha
  8220 | D:9      | Found a radiant altar of Vehumet.
  8220 | D:9      | Noticed Joseph
  8238 | D:9      | Killed Joseph
  8618 | D:10     | Entered Level 10 of the Dungeon
  8769 | D:10     | Found a staircase to the Lair.
  8796 | D:10     | Found a hazy altar of Hepliaklqana.
  8801 | D:10     | Reached ** piety under Wu Jian
  8802 | D:10     | Reached skill level 5 in Evocations
  8962 | D:10     | Noticed Erica
  8976 | D:10     | Killed Erica
  8978 | D:10     | Reached skill level 14 in Stealth
  9142 | D:10     | Reached XP level 12. HP: 73/73 MP: 12/12
  9237 | D:10     | Found a burning altar of Makhleb.
  9239 | D:10     | Noticed an Executioner
  9726 | D:10     | Found a bloodstained altar of Trog.
  9875 | D:11     | Found a transporter.
  9969 | D:11     | Noticed a two-headed ogre
  9971 | D:11     | Killed a two-headed ogre
  9971 | D:11     | Reached *** piety under Wu Jian
 10087 | D:11     | Found Ylaturr's Armour Shop.
 10182 | D:11     | Found a transporter.
 10189 | D:11     | Noticed SuvarnaParana's ghost (journeyman MiBe)
 10191 | D:11     | Noticed a boulder beetle
 10329 | D:11     | Noticed a centaur warrior
 10348 | D:11     | Noticed a boulder beetle
 10355 | D:11     | Reached skill level 15 in Stealth
 10398 | D:11     | Killed a centaur warrior
 10400 | D:11     | Killed a boulder beetle
 10403 | D:11     | Killed a boulder beetle
 10438 | D:11     | Killed SuvarnaParana's ghost
 10439 | D:11     | Reached skill level 5 in Unarmed Combat
 10439 | D:11     | Reached XP level 13. HP: 49/79 MP: 13/13
 10530 | D:11     | Identified the +5 hand axe "Pasanaigg" {vamp, rElec rPois}
 10636 | D:11     | Found a portal to a secret trove of treasure.
 11121 | D:12     | Noticed Urug
 11133 | D:12     | Killed Urug
 11390 | D:12     | Reached skill level 16 in Stealth
 11417 | D:12     | HP: 4/80 [skeletal warrior/+0 flail (11)]
 11714 | D:12     | Found Feuvvin's Antique Armour Emporium.
 11746 | D:12     | Reached **** piety under Wu Jian
 12180 | D:12     | Noticed Nessos
 12184 | D:12     | Noticed Nergalle
 12197 | D:12     | Killed Nergalle
 12207 | D:12     | Killed Nessos
 12455 | D:12     | Noticed a six-headed hydra
 12466 | D:12     | Found a runed translucent door.
 12467 | D:12     | Noticed a tengu reaver
 12477 | D:12     | Noticed a fire dragon
 12489 | D:12     | Reached XP level 14. HP: 86/86 MP: 14/14
 12527 | D:12     | Reached skill level 10 in Evocations
 12565 | D:12     | Killed from afar by a tengu reaver

Illustrated notes

Levels and vault maps discovered:
D:1:      mrwooster_arrival_arrow, layout_loops_ring, serial_shops,
          nicolae_shop_tiny_statue_garden
D:2:      layout_loops_ring, serial_rivers, chequers_serial_rivers_micro_a,
          chequers_serial_rivers_large_b, chequers_serial_rivers_marsh,
          chequers_serial_rivers_micro_d
D:3:      layout_basic, mainiacjoe_overflow_24_doors,
          mainiacjoe_overflow_tiny_flanked, lemuel_round_altar
D:4:      layout_gridville, mainiacjoe_overflow_small_starburst,
          mainiacjoe_overflow_brackets, kennysheep_decorative_pillar, uniq_ijyb
D:5:      kennysheep_kobold_camp, layout_loops_ring, lemuel_doored_altar,
          kennysheep_generic_room_3
D:6:      layout_rooms, marbit_many_paths, lemuel_coloured_pillars_altar,
          minmay_temple_entry_trees, nicolae_ossuary_entry_false_entrances,
          st_stairs_3, kb_lookout_dungeons_type, uniq_sigmund
D:7:      layout_basic, uniq_maggie
D:8:      layout_basic, serial_corexii_hall, corexii_hall_statues_s,
          corexii_hall_statues_i, corexii_hall_statues_l,
          corexii_hall_statues_t, serial_shops,
          nicolae_shop_tiny_real_fake_doors
D:9:      layout_gridville, okawaru_metal_pillars_1_2, lemuel_crystal_altar,
          uniq_erolcha, uniq_joseph, uniq_amaemon
D:10:     nzn_winding_woodlands_three_and_one
          [nzn_winding_woodlands_5x15_pockets,
          nzn_winding_woodlands_5x15_zeroes,
          nzn_winding_woodlands_5x15_river_crossing,
          nzn_winding_woodlands_center_diamonds], layout_small_grid,
          makhleb_altar_promises_db, nzn_hepliaklqana_mist_gate,
          trog_hazing_becter, minmay_lair_entry_grove, uniq_erica
D:11:     layout_irregular_city, nzn_ghost_randoct, serial_shops,
          nicolae_shop_stone, nicolae_trove_entry_isolated
D:12:     minmay_s_stair_smasher, layout_basic, orc_0_dummy, serial_shops,
          nicolae_shop_overgrown_old_shop, portal_ice_cave_rime,
          minmay_hidden_floor, uniq_nergalle, uniq_urug, uniq_nessos

Skill      XL: |  1  2  3  4  5  6  7  8  9 10 11 12 13 14 |
---------------+-------------------------------------------+-----
Short Blades   | 3 4 5 6 7 9 10 11 12 13 | 13.9
Dodging        | 2 3 4 5 6 8 10 11 12 13 | 13.7
Stealth        | 6 7 8 9 11 13 14 15 16 | 16.8
Fighting       | 3 4 5 7 8 9 |  9.3
Unarmed Combat | 2 3 5 6 |  6.2
Evocations     | 3 6 8 9 10 | 10.1
Throwing       | |  2.1

Action                     |  1- 3 |  4- 6 |  7- 9 | 10-12 | 13-15 || total
---------------------------+-------+-------+-------+-------+-------++-------
  Melee: Dagger            |    74 |   118 |   302 |    66 |       ||   560
         Punch             |     1 |     1 |     6 |    14 |    32 ||    54
         Short sword       |       |       |    62 |    78 |    48 ||   188
         Falchion          |       |       |    25 |    36 |       ||    61
         Rapier            |       |       |       |   273 |   266 ||   539
  Throw: Dart              |       |       |     1 |       |       ||     1
 Invoke: Serpent's Lash    |       |       |       |       |     1 ||     1
Ability: Lunge             |       |       |     2 |    69 |    19 ||    90
         Whirlwind         |       |       |       |     3 |    16 ||    19
         Evoke Invisibilit |       |       |       |     1 |     1 ||     2
  Evoke: Wand              |       |       |       |     1 |     1 ||     2
    Use: Scroll            |    11 |     1 |     8 |    12 |     2 ||    34
         Potion            |       |     1 |       |     4 |     4 ||     9
   Stab: Sleeping          |    14 |    15 |    24 |    57 |    15 ||   125
         Distracted        |       |       |     2 |     7 |     1 ||    10
         Invisible         |       |       |       |     6 |     1 ||     7
 Armour: Robe              |    13 |    16 |    59 |       |       ||    88
         Steam dragon scal |       |       |       |    57 |    20 ||    77
  Dodge: Dodged            |    42 |    60 |   201 |   339 |   142 ||   784
  Block: Other             |       |       |    37 |    86 |    27 ||   150
         Reflection        |       |       |       |     2 |     1 ||     3
Riposte: Dagger            |       |       |    28 |     8 |       ||    36
         Short sword       |       |       |    15 |     7 |     7 ||    29
         Falchion          |       |       |    12 |     6 |       ||    18
         Rapier            |       |       |       |    72 |    47 ||   119
